 Dungeon Crawl Stone Soup version 0.30.0-10-gfe55d96785 (webtiles) character file.

Game seed: 17217152909820617102

61 Danienth the Magician (level 4, -1/31 HPs)
             Began as a Djinni Necromancer on May 16, 2023.
             Was a Follower of Jiyva.
             Slain by Pargi (4 damage)
             ... on level 3 of the Dungeon.
             The game lasted 00:07:15 (976 turns).

Danienth the Magician (Djinni Necromancer)           Turns: 976, Time: 00:07:16

Health: -1/31      AC:  2    Str:  9    XL:     4   Next: 27%
Gold:   66         EV: 12    Int: 16    God:    Jiyva [*.....] SH:  0 Dex: 14

rFire   + + .        c - +1 short sword (speed)
rCold   x . .        (no shield)
rNeg    . . .        a - +0 robe
rPois   ∞            (no helmet)
rElec   .            (no cloak)
rCorr   .            (no gloves)
SInv    .            (boots unavailable)
Will    .....        (no amulet)
Stlth   ++           (no ring)
HPRegen 1.05/turn    (no ring)
MPRegen 0.00/turn

%: infuse magic (-2 HP)
@: flying, very slightly contaminated
A: sickness immunity, fire resistance 2, cold vulnerability 1, float, innate
caster, HP casting, extra vitality 1
a: Renounce Religion


You were on level 3 of the Dungeon.
You worshipped Jiyva.
Jiyva was aware of your devotion.
You visited 1 branch of the dungeon, and saw 3 of its levels.

You collected 66 gold pieces.

Inventory:

Hand Weapons
 c - a +1 short sword of speed (weapon)
Armour
 a - a +0 robe (worn)
Scrolls
 d - a scroll of fear {unknown}
 f - a scroll of teleportation {unknown}
 h - a scroll of identify {unknown}
 i - a scroll of vulnerability {unknown}
 j - a scroll of fog {unknown}
Potions
 b - 2 potions of lignification {unknown}
 e - a potion of curing {unknown}
 g - a potion of heal wounds {unknown}
 k - a potion of brilliance {unknown}


   Skills:
 * Level 0.6 Fighting
 * Level 0.7 Short Blades
 * Level 2.5 Dodging
 * Level 1.8 Stealth
 + Level 4.0 Spellcasting


You knew the following spells:

 Your Spells              Type           Power      Damage    Failure   Level
a - Necrotise             Necr           64%        1d7       3%          1
b - Vampiric Draining     Necr           16%        2d7       10%         3
c - Animate Dead          Necr           16%        N/A       32%         4
d - Agony                 Necr           16%        N/A       65%         5
e - Summon Small Mammal   Summ           64%        N/A       3%          1
Your spell library was empty.

Dungeon Overview and Level Annotations

Branches:
Dungeon (2/15)

Altars:
Jiyva

Annotations:
D:3 Pargi


Innate Abilities, Weirdness & Mutations

You are immune to sickness and miasma.
You are immune to poison.
Your flesh is very heat resistant. (rF++)
You are vulnerable to cold. (rC-)
You float through the air rather than walking.
You learn spells naturally, not from books.
Your magical power is your life essence.
You have superior vitality. (+4 MHP)


Message History

Pargi bites you. Pargi closely misses you. Pargi claws you.
Aiming: Necrotise (safe; 3% risk of failure)
Press: ? - help, Q - select action, (/) - cycle Shift-Dir - straight line, f/p - Pargi
Aim: Pargi (heavily wounded, chance to affect: 80%) Pargi writhes in agony.
Pargi bites you. Pargi claws you. Pargi barely misses you.
Casting: Necrotise (safe; 3% risk of failure)
Confirm with . or Enter, or press ? or * to list all spells.
The spell is quite dangerous to miscast (10% risk of failure)!
Continue anyway?
Aiming: Vampiric Draining (quite dangerous; 10% risk of failure)
Press: ? - help, Shift-Dir - straight line, f/p - Pargi
Aim: Pargi (heavily wounded)
You draw life force from Pargi!
You feel life coursing into your body. Pargi bites you but does no damage.
Pargi barely misses you. Pargi closely misses you.
Casting: Vampiric Draining (quite dangerous; 10% risk of failure)
Confirm with . or Enter, or press ? or * to list all spells.
The spell is quite dangerous to miscast (10% risk of failure)!
Continue anyway?
Aiming: Vampiric Draining (quite dangerous; 10% risk of failure)
Press: ? - help, Shift-Dir - straight line, f/p - Pargi
Aim: Pargi (severely wounded)
You miscast Vampiric Draining.
You are very lightly contaminated with residual magic.
Nothing appears to happen.
Pargi bites you!
* * * LOW HITPOINT WARNING * * *
Pargi claws you.
* * * LOW HITPOINT WARNING * * *
Pargi barely misses you.
You are too injured to fight recklessly!
You hit Pargi.
Pargi is almost dead.
Pargi bites you.
* * * LOW HITPOINT WARNING * * *
Pargi claws you but does no damage. Pargi barely misses you.
You hit Pargi.
Pargi is almost dead.
You closely miss Pargi.
Pargi is almost dead.
Pargi barely misses you. Pargi claws you.
You die...

#.# #.# #.# #.# #.#
########.# ######
#######........###:....
#....T@................
##.####.......#.##.....
#.......#)##)...#
######....##....#
#.#####....# #.# #....#
#.# ###### #.# ###.###


You could see Pargi.

Vanquished Creatures
  An orc wizard (D:2)
  An ufetubus (D:3)
  An orc (D:3)
  5 ball pythons
  An endoplasm (D:1)
  2 giant cockroaches (D:1)
  4 hobgoblins
  4 jackals (D:1)
  A quokka (D:2)
  A goblin (D:3)
  5 kobolds
  A rat (D:2)
27 creatures vanquished.

Vanquished Creatures (others)
  An orc (D:3)
  4 endoplasms
  A goblin (D:3)
  3 hobgoblins
  A kobold (D:1)
  2 ball pythons
  5 bats (D:1)
  2 frilled lizards
19 creatures vanquished.

Grand Total: 46 creatures vanquished

Notes
Turn   | Place    | Note
-------+----------+-------------------------------------------
     0 | D:1      | Danienth the Djinni Necromancer began the quest for the
                  | Orb.
     0 | D:1      | Danienth set off with the following spells memorised:
                  | Necrotise, Vampiric Draining, Animate Dead, Agony.
     0 | D:1      | Reached XP level 1. HP: 15/15 MP: 0/0
   224 | D:1      | Found a faded altar of an unknown god.
   232 | D:1      | Reached XP level 2. HP: 18/21 MP: 0/0
   244 | D:1      | Prayed at the altar of an unknown god.
   244 | D:1      | Became a worshipper of Jiyva Jumoeloc the Shapeless
   244 | D:1      | Reached * piety under Jiyva
   708 | D:2      | Reached XP level 3. HP: 22/26 MP: 0/0
   708 | D:2      | Learned a level 1 spell: Summon Small Mammal
   785 | D:2      | Reached XP level 4. HP: 31/31 MP: 0/0
   833 | D:2      | You are sucked into a shaft and drop 1 floor!
   908 | D:3      | Reached skill level 4 in Spellcasting
   963 | D:3      | Noticed Pargi
   976 | D:3      | Slain by Pargi

Illustrated notes

Levels and vault maps discovered:
D:1:      grunt_arrival_crossed_arrows, layout_basic,
          ebering_ecumenical_altar_rust
D:2:      layout_basic, basic_altar, st_stairs_10, lightli_corner_chamber
D:3:      layout_basic, minmay_joined_circles, uniq_pargi

Skill      XL: |  1  2  3  4 |
---------------+-------------+-----
Spellcasting   | 4 |  4.0
Fighting       | |  0.6
Short Blades   | |  0.7
Dodging        | |  2.5
Stealth        | |  1.8

Action                     |  1- 3 |  4- 6 || total
---------------------------+-------+-------++-------
  Melee: Short sword       |     9 |    27 ||    36
   Cast: Necrotise         |    33 |    13 ||    46
         Summon Small Mamm |     1 |     1 ||     2
         Vampiric Draining |       |     1 ||     1
 Armour: Robe              |     4 |     9 ||    13
  Dodge: Dodged            |    19 |    46 ||    65
